Map: Automaton LE

Players

Piroxiljin - Winner!

  • Race: Terran Terran
  • Spawn Location: 9:00

A.I. 1 (Harder)

  • Race: Protoss Protoss
  • Spawn Location: 3:00

VOD

Have the link to the VOD?

Description

Time

  • Played on: Jan. 31, 2019, 12:08 p.m.
  • Length: 13:10
Show
View Real Time Build Order
Export as new Build Order

Piroxiljin Terran - Winner!

Build Orders:  

Get SALT Encoding   

  12  0:01  SCV  
  13  0:15  SCV  
  14  0:22  Supply Depot  
  14  0:27  SCV  
  15  0:43  SCV  
  15  0:48  Barracks  
  16  0:52  Refinery  
  16  0:55  SCV  
  17  1:07  SCV  
  18  1:23  SCV  
  19  1:35  SCV  
  20  1:45  Barracks Reactor  
  20  1:56  Supply Depot  
  20  2:10  SCV  
  21  2:16  Refinery  
  21  2:22  Factory  
  21  2:24  Marine x2  
  23  2:38  Supply Depot  
  24  2:45  Orbital Command  
  23  3:16  Factory, Barracks Tech Lab  
  23  3:25  SCV  
  23  3:26  Engineering Bay  
  24  3:35  Supply Depot  
  24  3:37  SCV  
  25  3:45  Hellion x2  
  29  3:49  SCV, Concussive Shells, Marauder  
  29  3:54  Terran Infantry Weapons Level 1  
  32  4:01  SCV  
  33  4:03  Widow Mine  
  35  4:10  Marauder  
  35  4:13  SCV  
  35  4:15  Barracks  
  38  4:24  Widow Mine  
  38  4:28  Hellion  
  38  4:29  Hellion  
  44  4:35  Marauder  
  46  5:11  Marauder  
  46  5:13  Supply Depot  
  44  5:16  Supply Depot  
  44  5:19  Supply Depot  
  44  5:26  Barracks Tech Lab  
  44  5:33  Marauder  
  37  6:11  Command Center  
  37  6:15  Marauder  
  37  6:17  Barracks Tech Lab, Cyclone  
  42  6:27  Terran Infantry Armor Level 1  
  42  6:32  SCV  
  43  6:36  Marauder  
  45  6:44  SCV  
  45  6:45  Starport  
  46  6:49  Cyclone  
  49  6:55  Barracks Tech Lab  
  49  6:57  Marine  
  50  7:07  Cyclone  
  53  7:15  Marine  
  53  7:21  Cyclone  
  57  7:33  Marine  
  58  7:51  Marine  
  59  7:54  Factory  
  59  8:02  Cyclone x2  
  65  8:09  Marine  
  66  8:23  Bunker  
  66  8:27  Orbital Command  
  66  8:33  SCV  
  67  8:34  Siege Tank x2  
  67  8:38  Supply Depot  
  67  8:40  Supply Depot  
  73  8:41  Missile Turret  
  73  8:45  SCV  
  72  9:06  Widow Mine  
  72  9:07  Widow Mine  
  63  9:28  Cyclone, Siege Tank  
  63  9:29  SCV  
  70  9:34  Missile Turret  
  70  9:41  SCV  
  71  9:53  SCV  
  72  10:05  SCV  
  70  10:13  Cyclone x2  
  76  10:32  SCV  
  77  10:44  SCV  
  77  10:45  Siege Tank x2  
  77  10:46  Medivac x2  
  88  10:50  Marine x2  
  88  10:56  SCV  
  91  11:00  Missile Turret, Refinery  
  91  11:08  SCV, Marine x2  
  94  11:20  SCV  
  94  11:23  Missile Turret  
  92  11:26  Marauder, Marine  
  95  11:44  Marine  
  93  11:47  Marine  
  94  12:02  Marine  
  94  12:03  Cyclone x2  
  94  12:05  Marine  
  102  12:20  Refinery  
  102  12:27  Factory Tech Lab  
  102  12:32  Supply Depot  
  102  12:55  Supply Depot  
  109  12:59  Missile Turret  
Show
View Real Time Build Order
Export as new Build Order

A.I. 1 (Harder) Protoss 

Build Orders:  

Get SALT Encoding   

  12  0:00  Probe  
  13  0:13  Probe  
  14  0:21  Pylon  
  14  0:25  Probe  
  15  0:35  Probe  
  15  0:41  Gateway  
  16  0:43  Probe  
  17  0:50  Assimilator  
  17  0:52  Probe  
  18  1:00  Probe  
  18  1:01  Pylon  
  19  1:23  Probe  
  20  1:31  Zealot  
  20  1:32  Cybernetics Core  
  22  1:43  Gateway  
  22  1:48  Assimilator  
  22  2:00  Adept  
  22  2:01  Pylon  
  22  2:14  Warp Gate  
  24  2:30  Adept  
  24  2:31  Adept  
  28  2:41  Pylon  
  28  3:00  Zealot  
  28  3:01  Adept  
  32  3:22  Probe  
  32  3:24  Pylon  
  32  3:27  Stalker  
  33  3:31  Adept  
  37  3:34  Probe  
  38  3:44  Forge  
  38  3:46  Probe  
  39  3:57  Adept  
  39  3:58  Probe  
  42  4:06  Probe  
  42  4:09  Adept  
  44  4:14  Probe  
  46  4:29  Adept  
  48  4:36  Sentry  
  48  4:37  Protoss Ground Weapons Level 1  
  50  4:39  Gateway  
  50  4:41  Pylon  
  50  4:49  Stalker  
  52  4:59  Zealot  
  54  5:07  Pylon  
  54  5:11  Stalker  
  56  5:19  Sentry  
  58  5:27  Stalker  
  58  5:30  Pylon  
  58  5:34  Sentry  
  54  5:41  Robotics Facility  
  54  5:42  Stalker  
  46  5:49  Sentry  
  44  5:57  Adept  
  46  6:05  Zealot  
  48  6:12  Zealot  
  48  6:14  Protoss Ground Armor Level 1  
  50  6:19  Nexus, Adept  
  52  6:30  Observer  
  52  6:32  Stalker  
  55  6:39  Zealot  
  57  6:51  Photon Cannon, Observer  
  58  7:00  Photon Cannon  
  58  7:09  Stargate  
  58  7:18  Twilight Council  
  58  7:27  Forge  
  58  7:30  Probe  
  58  7:31  Probe  
  60  7:43  Probe x2  
  62  7:52  Pylon  
  62  7:55  Probe  
  62  7:57  Pylon, Probe  
  64  8:07  Probe  
  64  8:09  Probe  
  66  8:19  Photon Cannon, Probe  
  67  8:21  Photon Cannon  
  67  8:25  Templar Archives  
  67  8:36  Stalker x2  
  67  8:38  Stalker x2  
  67  8:45  Nexus  
  67  8:56  Gateway  
  67  9:01  Robotics Facility  
  67  9:02  High Templar  
  45  9:12  High Templar  
  45  9:14  Assimilator  
  41  9:17  Assimilator  
  41  9:22  Stargate  
  41  9:28  Stalker  
  43  9:40  Warp Prism  
  43  9:42  Archon  
  45  9:47  Gateway  
  45  9:49  High Templar  
  47  9:53  Probe  
  47  9:57  Probe x2  
  50  10:03  High Templar  
  45  10:09  Assimilator  
  45  10:12  Assimilator  
  45  10:21  Stargate  
  45  10:25  Observer  
  45  10:27  Probe  
  45  10:29  Stalker, Zealot x2  
  45  10:31  Probe  
  50  10:39  Probe x2  
  50  10:40  Archon  
  50  10:44  High Templar  
  53  11:00  High Templar  
  55  11:16  Void Ray  
  52  11:27  Stalker  
  46  11:41  Robotics Bay  
  46  11:46  High Templar  
  28  12:09  Probe, Zealot  
  23  12:19  High Templar  
  23  12:22  Probe  
  19  12:34  Probe  
  18  12:37  High Templar  
  19  12:51  Probe  
  19  12:58  Pylon  
Tags
 
Matchup
PvT
Spawn Locations
Cross Positions
Add a new tag
Caveats
  • Supply blocks, unpowered buildings, or Contaminate may cause inaccurate times.
  • Supply counts are checked every 10 seconds.